 Seeded DCSS version 0.30-a0-49-g1cef19eb02 (webtiles) character file.

Game seed: 15795215729224246994 (custom seed)

2991 purpskrrrp the Skirmisher (level 10, 0/67 HPs)
             Began as a Formicid Hunter on Sept 2, 2022.
             Was an Initiate of Gozag.
             Slain by a seven-headed hydra (12 damage)
             ... on level 6 of the Dungeon.
             The game lasted 00:18:37 (6524 turns).

purpskrrrp the Skirmisher (Formicid Hunter)         Turns: 6524, Time: 00:18:38

Health: 0/67       AC:  9    Str: 14 (16) XL:     10   Next: 9%
Magic:  10/10      EV: 11    Int:  9 (11) God:    Gozag
Gold:   34         SH:  0    Dex: 20 (21) Spells: 9/9 levels left

rFire   . . .      SeeInvis +    w - +2 triple crossbow (flame)
rCold   . . .      Faith    .    (no shield)
rNeg    . . .      Spirit   .    o - +1 ring mail "Luwnidd" {Int+2}
rPois   .          Reflect  .    (helmet unavailable)
rElec   .          Harm     .    q - +1 cloak
rCorr   .          Rampage  .    (no gloves)
Will    +....                    (no boots)
Stlth   +++.......               (no amulet)
HPRegen 0.21/turn                (no ring)
MPRegen 0.12/turn                (no ring)

@: gold aura
A: permanent stasis, dig shafts and tunnels, antennae 3, four strong arms
a: Dig, Shaft Self, Renounce Religion, Potion Petition, Call Merchant, Bribe
Branch


You were on level 6 of the Dungeon.
You worshipped Gozag.
Gozag was noncommittal.
You visited 2 branches of the dungeon, and saw 9 of its levels.

You collected 490 gold pieces.
You spent 399 gold pieces at shops.
You paid 57 gold pieces to Gozag.

Inventory:

Hand Weapons
 a - a +0 shortbow
 p - a +0 hand crossbow of flaming
 w - a +2 triple crossbow of flaming (weapon)
Missiles
 e - 5 boomerangs of dispersal
 t - 7 javelins
 u - a throwing net
 v - a poisoned dart
Armour
 c - a +0 leather armour
 o - the +1 ring mail "Luwnidd" (worn) {Int+2}
   (You found it on level 4 of the Dungeon)

   Int:       It affects your intelligence (+2).
 q - a +1 cloak (worn)
Wands
 f - a wand of paralysis (16)
 m - a wand of roots (5)
 x - a wand of polymorph (11)
Scrolls
 b - 2 scrolls of immolation
 h - a scroll of amnesia
 k - a scroll of noise
 r - 2 scrolls of vulnerability
Potions
 g - 4 potions of curing
 i - a potion of cancellation
 j - 3 potions of heal wounds {unknown}
 n - 2 potions of attraction {unknown}


   Skills:
 - Level 2.2 Fighting
 * Level 14.5 Ranged Weapons
 + Level 5.5 Armour
 - Level 1.8 Dodging
 + Level 6.9 Stealth


You had 9 spell levels left.
You didn't know any spells.
Your spell library contained the following spells:

 Spells                   Type           Power      Damage    Failure   Level
 Ensorcelled Hibernation  Hex/Ice        0%         N/A       75%         2
 Spider Form              Tmut/Pois      0%         N/A       93%         3
 Anguish                  Hex/Necr       0%         N/A       100%        4


Dungeon Overview and Level Annotations

Branches:
Dungeon (8/15)             Temple (1/1) D:5
   Lair: D:8-11

Altars:
Ashenzari
Cheibriados
Dithmenos
Elyvilon
Gozag
Hepliaklqana
Makhleb
Nemelex Xobeh
Okawaru
Qazlal
Ru
Sif Muna
Trog
Vehumet
Wu Jian
Xom
Yredelemnul
Zin
The Shining One

Shops:
D:4 (

Annotations:
Temple 2 transporters


Innate Abilities, Weirdness & Mutations

You cannot be hasted, slowed, berserked, paralysed or teleported.
You can dig through walls and to a lower floor.
You have a pair of large antennae on your head. (SInv)
Your four strong arms can wield two-handed weapons with a shield.


Message History

The seven-headed hydra roars!
The gnoll sergeant shouts!
The bolt hits the gnoll.
The bolt burns the gnoll.
The gnoll is heavily wounded.
The gnoll completely misses you.
You shoot a bolt. The bolt hits the gnoll!!
The bolt burns the gnoll.
You kill the gnoll!
You shoot a bolt. The bolt barely misses the gnoll.
The gnoll hits you but does no damage. The gnoll misses you.
The gnoll attacks as you move away! The gnoll barely misses you.
The gnoll attacks as you move away! The gnoll misses you.
There is a stone staircase leading up here.
You shoot a bolt. The bolt hits the gnoll!!
The bolt burns the gnoll.
You kill the gnoll!
The seven-headed hydra bites you but does no damage.
The seven-headed hydra closely misses you.
The seven-headed hydra bites you but does no damage.
The seven-headed hydra bites you.
The seven-headed hydra bites you but does no damage.
The seven-headed hydra misses you.
The seven-headed hydra bites you but does no damage.
The gnoll sergeant is distracted by your dazzling golden aura.
The gnoll hits you from afar with a +3 spear.
You climb upwards.
There is a stone staircase leading down here.
You shoot a bolt. The bolt hits the seven-headed hydra.
The bolt burns the seven-headed hydra.
The seven-headed hydra is lightly wounded.
The seven-headed hydra bites you but does no damage.
The seven-headed hydra barely misses you.
The seven-headed hydra bites you! x2
The seven-headed hydra bites you but does no damage.
The seven-headed hydra bites you. x3; The seven-headed hydra bites you!
* * * LOW HITPOINT WARNING * * *
The seven-headed hydra bites you.
* * * LOW HITPOINT WARNING * * *
The seven-headed hydra bites you but does no damage.
The seven-headed hydra barely misses you.
The seven-headed hydra bites you!
You die...
Your body crumbles into a pile of gold.

...#########.#
#.# #.........
'#.# #.# #.#
#........#
.#.# #.# #.#
####...#..
.#.# #.# #.#
#.###.. .#.#
#.# #.#
#######.# #.)
>#.# #.# #.#
#.......# #..
.#.# #.# #.#
#.####### #..
.#.# #.###.#
#.#### #..
##.# #...D@#
#....# ###..
##.# #######
####.# #....
...#
#.####.#..
####
#.........
##########


You could see a seven-headed hydra.

Vanquished Creatures
  Edmund (D:6)
  An ice beast (D:6)
  2 centaurs (D:5)
  2 black bears (D:6)
  A bullfrog (D:6)
  3 necrophages
  4 scorpions
  A wight (D:7)
  A howler monkey (D:6)
  4 hounds
  A jelly (D:6)
  A gnoll bouda (D:4)
  2 orc priests (D:5)
  2 iguanas (D:5)
  5 orc wizards
  7 gnolls
  9 adders
  2 white imps (D:6)
  An ufetubus (D:5)
  3 worms
  5 dart slugs
  13 orcs
  6 bats
  6 endoplasms
  3 giant cockroaches
  9 goblins
  8 hobgoblins
  A quokka (D:1)
  3 training dummies (D:4)
  6 ball pythons
  7 frilled lizards
  9 kobolds
  3 rats
132 creatures vanquished.

Vanquished Creatures (others)
  A plant (D:5)
1 creature vanquished.

Grand Total: 133 creatures vanquished

Notes
Turn   | Place    | Note
-------+----------+-------------------------------------------
     0 | D:1      | purpskrrrp the Formicid Hunter began the quest for the Orb.
     0 | D:1      | Reached XP level 1. HP: 16/16 MP: 1/1
   125 | D:1      | Reached XP level 2. HP: 22/22 MP: 2/2
   453 | D:1      | Reached skill level 1 in Armour
   453 | D:1      | Reached XP level 3. HP: 20/27 MP: 3/3
  1268 | D:2      | Reached XP level 4. HP: 33/33 MP: 4/4
  1697 | D:3      | Reached skill level 5 in Ranged Weapons
  1880 | D:3      | Found a hazy altar of Hepliaklqana.
  2095 | D:3      | Reached XP level 5. HP: 38/38 MP: 5/5
  2304 | D:3      | Found a faded altar of an unknown god.
  2389 | D:4      | Found a glowing golden altar of the Shining One.
  2399 | D:4      | Found a sacrificial altar of Ru.
  2399 | D:4      | Found a glowing silver altar of Zin.
  2452 | D:4      | Identified the +1 ring mail "Luwnidd" {Int+2}
  2469 | D:4      | Found a sparkling altar of Nemelex Xobeh.
  2498 | D:4      | Found Animeod's Firing Range.
  2504 | D:4      | Bought a +0 hand crossbow for 49 gold pieces
  2727 | D:4      | Reached XP level 6. HP: 28/44 MP: 6/6
  3195 | D:4      | Reached skill level 6 in Ranged Weapons
  3450 | D:4      | Reached XP level 7. HP: 50/50 MP: 7/7
  3494 | D:5      | Entered Level 5 of the Dungeon
  3712 | D:5      | Found a staircase to the Ecumenical Temple.
  3750 | Temple   | Entered the Ecumenical Temple
  3750 | Temple   | Found a transporter.
  3750 | Temple   | Found a transporter.
  3752 | Temple   | Found a transporter.
  3752 | Temple   | Found a transporter.
  3769 | Temple   | Became a worshipper of Gozag Ym Sagoz the Greedy
  3835 | D:5      | Reached skill level 5 in Stealth
  3903 | D:6      | Reached skill level 7 in Ranged Weapons
  3903 | D:6      | Reached XP level 8. HP: 48/56 MP: 8/8
  4568 | D:5      | Reached skill level 8 in Ranged Weapons
  4568 | D:5      | Reached skill level 5 in Armour
  4797 | D:5      | Reached skill level 14 in Ranged Weapons
  4797 | D:5      | Reached XP level 9. HP: 61/61 MP: 9/9
  5274 | D:6      | You fall into a shaft and drop 2 floors!
  5299 | D:7      | Noticed a seven-headed hydra
  5874 | D:6      | Noticed Edmund
  5877 | D:6      | Killed Edmund
  5878 | D:6      | Reached XP level 10. HP: 67/67 MP: 10/10
  6105 | D:4      | Bought a +1 triple crossbow of flaming for 350 gold pieces
  6524 | D:6      | Slain by a seven-headed hydra

Illustrated notes

Levels and vault maps discovered:
D:1:      amcnicky_arrival_flooded_fountain, layout_basic, serial_glass,
          glass_columns_c, glass_columns_b, glass_columns_a, glass_columns_a,
          glass_columns_b, glass_columns_a
D:2:      layout_loops_ring, minmay_misc_feat_nine_boxes,
          grunt_decor_mini_mirrors
D:3:      layout_basic, worldfamousw_hep_ancestral_shrine,
          hellmonk_ecumenical_altar_leap_of_faith, nrook_campfire,
          hangedman_decor_push
D:4:      nicolae_cairo_tiling_very_big, layout_cave_pools, old_standard_altar,
          minitemple, nicolae_shop_firing_range
D:5:      layout_rooms, minmay_temple_entry_offerings,
          chequers_serial_rivers_micro_e, minmay_misc_feat_cross,
          serial_bayou_pond_a, minivault_23
D:6:      layout_basic, uniq_edmund
D:7:      layout_basic, enter_bailey_7
D:8:      layout_basic, kennysheep_vampire_church, dpeg_lair_monsters,
          uniq_psyche
Temple:   hellmonk_temple_divided_pantheon

Skill      XL: |  1  2  3  4  5  6  7  8 |
---------------+-------------------------+-----
Armour         | 1 2 3 4 5 |  5.5
Stealth        | 2 3 4 5 6 |  6.9
Ranged Weapons | 5 6 7 14 | 14.5
Fighting       | |  2.2
Dodging        | |  1.8

Action                   |  1- 3 |  4- 6 |  7- 9 | 10-12 || total
-------------------------+-------+-------+-------+-------++-------
 Fire: Shortbow          |    88 |    70 |       |       ||   158
       Hand crossbow     |       |    53 |   123 |     6 ||   182
       Triple crossbow   |       |       |       |    14 ||    14
  Use: Potion            |     1 |       |     4 |       ||     5
       Scroll            |       |     1 |    10 |     3 ||    14
Armor: Leather armour    |     5 |     9 |       |       ||    14
       Ring mail         |       |     6 |    40 |    10 ||    56
Dodge: Dodged            |    15 |    26 |    49 |    18 ||   108

Table legend: (Time is in decaauts)
 A = Elapsed time spent in this place.
 B = Non-inter-level travel time spent in this place.
 C = Inter-level travel time spent in this place.
 D = Time resting spent in this place.
 E = Time spent auto-exploring this place.
 F = Levels seen in this place.
 G = Mean time per level.
                   A        B        C        D        E       F      G
               +--------+--------+--------+--------+--------+-----+--------+
         Total |   6675 |   6405 |    270 |   1392 |   3816 |   9 |  741.7 |
       Dungeon |   6620 |   6350 |    270 |   1392 |   3816 |   8 |  827.5 |
        Temple |     54 |     54 |      0 |      0 |      0 |   1 |   54.0 |
               +--------+--------+--------+--------+--------+-----+--------+

Top non-repeatable levels by time:
     D:6: 1497 daAuts
     D:5: 1352 daAuts
     D:4: 1270 daAuts
     D:2: 960 daAuts
     D:3: 789 daAuts
     D:1: 686 daAuts
  Temple: 54 daAuts
     D:7: 40 daAuts
     D:8: 23 daAuts
